 Dungeon Crawl Stone Soup version 0.28.0-43-g3370ac3207 (webtiles) character file.

Game seed: 12255035699093115702

1292 jimonade the Firebug (level 8, 0/58 HPs)
             Began as a Gnoll Wanderer on Mar 15, 2022.
             Succumbed to Crazy Yiuf's poison
             ... on level 6 of the Dungeon.
             The game lasted 00:31:11 (7161 turns).

jimonade the Firebug (Gnoll Wanderer)               Turns: 7161, Time: 00:31:12

Health: 0/58       AC: 18    Str: 16    XL:     8   Next: 56%
Magic:  17/17      EV: 12    Int: 13    God:
Gold:   205        SH:  0    Dex: 14    Spells: 18/19 levels left

rFire   . . .      SeeInvis .   f - +2 flail (protect)
rCold   . . .      Faith    .   (no shield)
rNeg    . . .      Spirit   .   A - +0 chain mail
rPois   .          Reflect  .   F - +0 helmet
rElec   .          Harm     .   i - scarf {repulsion}
rCorr   .          Rampage  .   b - +0 pair of gloves
Will    .....                   (no boots)
Stlth   ..........              (no amulet)
HPRegen 0.19/turn               H - +4 ring of evasion
MPRegen 0.15/turn               o - +6 ring of strength

@: lethally poisoned (0 -> -6), under a protective aura, repel missiles
A: fangs 1, strong nose, distributed training
a: no special abilities


You were on level 6 of the Dungeon.
You visited 1 branch of the dungeon, and saw 6 of its levels.
You also visited: Sewer.

You collected 205 gold pieces.

Inventory:

Hand Weapons
 a - a +2 mace
 f - a +2 flail of protection (weapon)
 l - a +2 dagger of venom
 t - a +0 fustibalus
 D - a +0 whip of draining
Missiles
 d - 50 bolts
 e - 227 stones
 q - 6 poisoned darts
 u - 72 arrows
 x - 14 sling bullets
 z - 4 boomerangs (quivered)
Armour
 b - a +0 pair of gloves (worn)
 c - a +0 robe
 i - a scarf of repulsion (worn)
 r - a +0 troll leather armour {Pargi}
 s - a +0 leather armour of cold resistance
 y - a +0 ring mail
 A - a +0 chain mail (worn)
 F - a +0 helmet (worn)
Magical Staves
 G - a staff of fire
Jewellery
 o - a +6 ring of strength (right hand)
 H - a +4 ring of evasion (left hand)
Scrolls
 h - 3 scrolls of teleportation {unknown}
 k - a scroll of amnesia {unknown}
 n - a scroll of brand weapon {unknown}
 v - 2 scrolls of identify
 w - a scroll of magic mapping {unknown}
 B - a scroll of blinking {unknown}
 C - a scroll of vulnerability {unknown}
 E - a scroll of fog {unknown}
Potions
 g - 2 potions of curing
 j - a potion of attraction
 m - 2 potions of might
 p - 2 potions of heal wounds


   Skills:
 + Level 3.3 Fighting
 + Level 3.3 Short Blades
 + Level 3.3 Long Blades
 + Level 3.3 Axes
 + Level 5.7 Maces & Flails
 + Level 3.3 Polearms
 + Level 3.3 Staves
 + Level 3.3 Slings
 + Level 3.3 Bows
 + Level 3.3 Crossbows
 + Level 3.3 Throwing
 + Level 3.3 Armour
 + Level 5.7 Dodging
 + Level 3.3 Stealth
 + Level 3.3 Shields
 + Level 3.3 Unarmed Combat
 + Level 6.1 Spellcasting
 + Level 2.7 Conjurations
 + Level 2.7 Hexes
 + Level 2.7 Summonings
 + Level 2.7 Necromancy
 + Level 2.7 Translocations
 + Level 2.7 Transmutations
 + Level 7.7 Fire Magic
 + Level 2.7 Ice Magic
 + Level 2.7 Air Magic
 + Level 2.7 Earth Magic
 + Level 2.7 Poison Magic
 + Level 3.7 Invocations
 + Level 3.3 Evocations


You had 18 spell levels left.
You knew the following spells:

 Your Spells              Type           Power      Damage    Failure   Level
a - Foxfire               Conj/Fire      68%        2x1d7     32%         1

Your spell library contained the following spells:

 Spells                   Type           Power      Damage    Failure   Level
 Inner Flame              Hex/Fire       17%        N/A       69%         3
 Ignite Poison            Fire/Tmut/Pois 15%        N/A       80%         3
 Confusing Touch          Hex            11%        N/A       95%         3
 Mephitic Cloud           Conj/Pois/Air  11%        N/A       95%         3
 Fireball                 Conj/Fire      8%         3d6       100%        5
 Freezing Cloud           Conj/Ice/Air   5%         6-21      100%        5
 Iskenderun's Battlesphe  Conj           11%        2d7       100%        5
 Yara's Violent Unravell  Hex/Tmut       5%         3d4       100%        5
 Conjure Ball Lightning   Conj/Air       5%         3x3d6     100%        6
 Enfeeble                 Hex            5%         N/A       100%        7
 Orb of Destruction       Conj           5%         9d5       100%        7


Dungeon Overview and Level Annotations

Branches:
Dungeon (6/15)              Sewer (visited)
 Temple: D:4-7

Altars:
Hepliaklqana
Trog
Xom

Annotations:
D:6 Crazy Yiuf


Innate Abilities, Weirdness & Mutations

You have very sharp teeth.
Your uncanny sense of smell can sniff out nearby items.
Your experience applies equally to all skills.


Message History

You are confused.
You feel less confused.
You feel sick. Crazy Yiuf closely misses you.
You feel sick.
Crazy Yiuf says, "Tosser tortoise sizzlefizz!"
Crazy Yiuf hits you with a +2 quarterstaff of chaos.
You closely miss Crazy Yiuf.
You feel sick. Crazy Yiuf closely misses you.
You barely miss Crazy Yiuf. You bite Crazy Yiuf, but do no damage.
You feel sick. Crazy Yiuf closely misses you.
You sock Crazy Yiuf!
Your weapon exudes an aura of protection.
You bite Crazy Yiuf, but do no damage.
Crazy Yiuf is heavily wounded.
You feel sick. Crazy Yiuf closely misses you.
You closely miss Crazy Yiuf.
Crazy Yiuf is heavily wounded.
You feel sick. Crazy Yiuf misses you.
You completely miss Crazy Yiuf.
Crazy Yiuf is heavily wounded.
You feel sick.
Crazy Yiuf grits, "Shadow chair song!"
Crazy Yiuf hits you but does no damage.
You are more poisoned.
You barely miss Crazy Yiuf.
Crazy Yiuf is heavily wounded.
You feel sick.
Crazy Yiuf hits you with a +2 quarterstaff of chaos.
You are electrocuted!
* * * LOW HITPOINT WARNING * * *
You closely miss Crazy Yiuf.
Crazy Yiuf is heavily wounded.
* * * LOW HITPOINT WARNING * * *
You feel sick.
Crazy Yiuf hits you with a +2 quarterstaff of chaos.
* * * LOW HITPOINT WARNING * * *
You thump Crazy Yiuf!
Your weapon exudes an aura of protection.
Your bite misses Crazy Yiuf.
Crazy Yiuf is almost dead.
You die...

####.##.# ##..##
# ...##.# ##.#
..###### ## ##.
##### . #....
##### ♣♣###.###
#)..#♣♣ ♣♣.#...#
#..g'.♣♣♣♣.P....#
#.@.#♣..♣.PP...##
#####♣♣♣.♣..#.##
♣♣♣♣♣###


You could see Crazy Yiuf.

Vanquished Creatures
  Pargi (Sewer)
  A water moccasin (D:5)
  A black bear (D:5)
  2 ogres
  2 phantoms
  A wyvern zombie (D:5)
  A water moccasin skeleton (D:5)
  A wyvern skeleton (D:5)
  A centaur zombie (D:5)
  A hound (D:5)
  2 orc priests
  A bullfrog skeleton (D:3)
  A centaur skeleton (D:5)
  Jessica (D:3)
  A scorpion zombie (D:5)
  2 orc wizards
  A killer bee zombie (D:5)
  A hound zombie (D:5)
  A hound skeleton (D:5)
  3 gnolls (D:3)
  4 adders
  2 shadow imps
  An ufetubus (D:5)
  2 worms (D:2)
  A dart slug (D:3)
  13 orcs
  7 ball pythons
  5 bats
  5 endoplasms
  8 giant cockroaches
  7 hobgoblins
  8 kobolds
  14 quokkas
  4 frilled lizards
  6 goblins
  5 rats (D:1)
  A spectral hobgoblin (D:1)
119 creatures vanquished.

Vanquished Creatures (others)
  189 foxfires
189 creatures vanquished.

Grand Total: 308 creatures vanquished

Notes
Turn   | Place    | Note
-------+----------+-------------------------------------------
     0 | D:1      | jimonade the Gnoll Wanderer began the quest for the Orb.
     0 | D:1      | jimonade set off with the following items: a +2 mace, a +0
                  | pair of gloves, a +0 robe; and the following spell
                  | memorised: Foxfire; and the following spells available to
                  | memorise: Inner Flame
     0 | D:1      | Reached XP level 1. HP: 13/13 MP: 6/6
    25 | D:1      | Found a faded altar of an unknown god.
   384 | D:1      | Reached XP level 2. HP: 19/19 MP: 4/7
   943 | D:1      | Reached XP level 3. HP: 25/25 MP: 7/9
   981 | D:1      | Reached skill level 5 in Spellcasting
  1565 | D:2      | Found a shimmering altar of Xom.
  1670 | D:2      | Reached skill level 1 in Invocations
  1702 | D:3      | Noticed a phantom
  2232 | D:2      | Reached skill level 1 in Fighting
  2232 | D:2      | Reached skill level 1 in Short Blades
  2232 | D:2      | Reached skill level 1 in Long Blades
  2232 | D:2      | Reached skill level 1 in Axes
  2232 | D:2      | Reached skill level 1 in Polearms
  2232 | D:2      | Reached skill level 1 in Staves
  2232 | D:2      | Reached skill level 1 in Slings
  2232 | D:2      | Reached skill level 1 in Bows
  2232 | D:2      | Reached skill level 1 in Crossbows
  2232 | D:2      | Reached skill level 1 in Throwing
  2232 | D:2      | Reached skill level 1 in Armour
  2232 | D:2      | Reached skill level 1 in Stealth
  2232 | D:2      | Reached skill level 1 in Shields
  2232 | D:2      | Reached skill level 1 in Unarmed Combat
  2232 | D:2      | Reached skill level 1 in Evocations
  2267 | D:2      | Reached XP level 4. HP: 32/32 MP: 9/11
  2532 | D:2      | Killed a phantom
  2533 | D:2      | Reached skill level 1 in Conjurations
  2533 | D:2      | Reached skill level 1 in Hexes
  2533 | D:2      | Reached skill level 1 in Summonings
  2533 | D:2      | Reached skill level 1 in Necromancy
  2533 | D:2      | Reached skill level 1 in Translocations
  2533 | D:2      | Reached skill level 1 in Transmutations
  2533 | D:2      | Reached skill level 1 in Ice Magic
  2533 | D:2      | Reached skill level 1 in Air Magic
  2533 | D:2      | Reached skill level 1 in Earth Magic
  2533 | D:2      | Reached skill level 1 in Poison Magic
  2533 | D:2      | Reached XP level 5. HP: 17/37 MP: 6/12
  2825 | D:3      | Noticed Jessica
  2831 | D:3      | Killed Jessica
  3048 | D:3      | Reached XP level 6. HP: 41/44 MP: 7/13
  3871 | D:4      | Reached skill level 5 in Maces & Flails
  3871 | D:4      | Reached skill level 5 in Dodging
  4178 | D:4      | Found a bloodstained altar of Trog.
  4178 | D:4      | Found a hazy altar of Hepliaklqana.
  4210 | D:4      | Found a shimmering altar of Xom.
  4457 | D:5      | Entered Level 5 of the Dungeon
  4658 | D:5      | Reached XP level 7. HP: 15/50 MP: 15/15
  5640 | D:5      | Reached XP level 8. HP: 11/57 MP: 16/16
  6805 | D:6      | Found a glowing drain.
  6842 | Sewer    | Entered a sewer
  6966 | Sewer    | Noticed Pargi
  6986 | Sewer    | Killed Pargi
  7144 | D:6      | Found a runed translucent door.
  7145 | D:6      | Noticed Crazy Yiuf
  7160 | D:6      | HP: 2/58 [Crazy Yiuf/+2 quarterstaff of chaos (5)]
  7161 | D:6      | Succumbed to Crazy Yiuf's poison

Illustrated notes

Levels and vault maps discovered:
D:1:      amcnicky_arrival_underground_garden, layout_loops_corners,
          dreamdust_ecumenical_altar_drowned_temple,
          hangedman_decor_clover_reticule
D:2:      layout_basic, basic_altar
D:3:      layout_rooms, corexii_hall_statues_l, uniq_jessica
D:4:      layout_basic, gammafunk_temple_overflow_forgotten
D:5:      layout_basic, minmay_circle_x
D:6:      layout_loops_ring, minmay_temple_entry_arrows, gup_sewer_entry_pipe,
          kennysheep_cross_bottleneck, hangedman_decor_riveting,
          small_statue_intersection, uniq_crazy_yiuf_cottage

Skill      XL: |  1  2  3  4  5  6  7  8 |
---------------+-------------------------+-----
Spellcasting   | 5 6 |  6.1
Invocations    | 1 2 3 |  3.7
Fighting       | 1 2 3 |  3.3
Short Blades   | 1 2 3 |  3.3
Long Blades    | 1 2 3 |  3.3
Axes           | 1 2 3 |  3.3
Polearms       | 1 2 3 |  3.3
Staves         | 1 2 3 |  3.3
Slings         | 1 2 3 |  3.3
Bows           | 1 2 3 |  3.3
Crossbows      | 1 2 3 |  3.3
Throwing       | 1 2 3 |  3.3
Armour         | 1 2 3 |  3.3
Stealth        | 1 2 3 |  3.3
Shields        | 1 2 3 |  3.3
Unarmed Combat | 1 2 3 |  3.3
Evocations     | 1 2 3 |  3.3
Conjurations   | 1 2 |  2.7
Hexes          | 1 2 |  2.7
Summonings     | 1 2 |  2.7
Necromancy     | 1 2 |  2.7
Translocations | 1 2 |  2.7
Transmutations | 1 2 |  2.7
Ice Magic      | 1 2 |  2.7
Air Magic      | 1 2 |  2.7
Earth Magic    | 1 2 |  2.7
Poison Magic   | 1 2 |  2.7
Maces & Flails | 5 |  5.7
Dodging        | 5 |  5.7
Fire Magic     | |  7.7

Action                   |  1- 3 |  4- 6 |  7- 9 || total
-------------------------+-------+-------+-------++-------
Melee: Mace              |     5 |       |       ||     5
       Dagger            |    20 |    19 |       ||    39
       Bite              |     3 |     7 |    29 ||    39
       Punch             |       |     1 |     3 ||     4
       Flail             |       |    30 |   213 ||   243
Throw: Boomerang         |       |     9 |    15 ||    24
       Dart              |       |     1 |       ||     1
 Cast: Foxfire           |    50 |    67 |       ||   117
  Use: Scroll            |       |     4 |       ||     4
 Stab: Sleeping          |       |     1 |       ||     1
Armor: Robe              |    11 |     7 |       ||    18
       Chain mail        |       |    32 |   195 ||   227
Dodge: Dodged            |    21 |    47 |    69 ||   137
       Repelled          |       |     1 |       ||     1
